 Dungeon Crawl Stone Soup version 0.17-a0-1479-g4041c36 (webtiles) character file.

253 Snupthedog the Archer (level 5, -1/34 HPs)
             Began as a High Elf Hunter on July 3, 2015.
             Slain by Blork the orc
             ... wielding a +0 dire flail
              (11 damage)
             ... on level 4 of the Dungeon.
             The game lasted 00:09:25 (3196 turns).

Snupthedog the Archer (High Elf Hunter)             Turns: 3196, Time: 00:09:25

Health: -1/34      AC:  7    Str: 12    XL:     5   Next: 90%
Magic:  6/6        EV: 18    Int: 14    God:
Gold:   214        SH:  0    Dex: 21    Spells: 0 memorised, 4 levels left

rFire  . . .     SeeInvis .     b - +2 dagger (drain)
rCold  . . .     Clarity  .     d - +0 leather armour
rNeg   . . .     SustAt   .     (no shield)
rPois  .         Gourm    .     (no helmet)
rElec  .         Spirit   .     q - +0 cloak
rCorr  .         Warding  .     v - +2 pair of gloves
rMut   .         Stasis   .     (no boots)
MR     .....                    x - amulet of faith
Stlth  +++.......               (no ring)
                                (no ring)

@: agile, not resistant to hostile enchantments, fairly stealthy
A: no striking features
a: no special abilities


You were on level 4 of the Dungeon.
You were not hungry.

You visited 2 branches of the dungeon, and saw 5 of its levels.

You collected 214 gold pieces.

Inventory:

Hand weapons
 a - a +2 shortbow
 b - a +2 dagger of draining (weapon)
Missiles
 c - 23 arrows
Armour
 d - a +0 leather armour (worn)
 q - a +0 cloak (worn)
 v - a +2 pair of gloves (worn)
Jewellery
 x - an amulet of faith (around neck)
Magical devices
 n - a wand of enslavement (17)
 A - a wand of cold (6)
Scrolls
 l - 2 scrolls of enchant weapon
 o - 4 scrolls of remove curse
Potions
 f - a potion of flight {unknown}
 h - 2 potions of lignification
 m - a potion of invisibility
 p - a potion of heal wounds {unknown}
 t - a potion of brilliance {unknown}
 u - 2 potions of might
Comestibles
 e - 2 bread rations
 g - 2 meat rations
 j - a beef jerky
 k - 2 royal jellies
 r - 3 fruits
 s - 2 slices of pizza
 w - 3 chunks of flesh


   Skills:
 - Level 2.0 Fighting
 + Level 0.8 Short Blades
 + Level 8.2 Bows
 * Level 2.9 Armour
 - Level 2.1 Dodging
 - Level 1.1 Stealth


You had 4 spell levels left.
You didn't know any spells.

Dungeon Overview and Level Annotations

Branches:
Dungeon (4/15)             Temple (1/1) D:4

Altars:
Ashenzari
Dithmenos
Elyvilon
Fedhas
Makhleb
Nemelex Xobeh
Trog
Vehumet
Xom
The Shining One

Annotations:
D:4 Blork the orc


Message History

You feel better. Blork the orc misses you.
The giant cockroach completely misses you.
You hit Blork the orc.
Blork the orc is severely wounded.
Blork the orc misses you. The giant cockroach closely misses you.
You hit Blork the orc. You drain Blork the orc!
Blork the orc is almost dead.
Blork the orc gestures at you while chanting.
The puff of flame hits you!
The giant cockroach bites you but does no damage.
Blork the orc closely misses you. The giant cockroach closely misses you.
You hit Blork the orc.
Blork the orc is almost dead.
Blork the orc hits you with a dire flail.
* * * LOW HITPOINT WARNING * * *
The giant cockroach misses you.
You hit Blork the orc.
Blork the orc is almost dead.
Blork the orc hits you with a dire flail!
You die...

#...#....#
......#### .......
..).### .!.....
....# ......(
....# ....((.
##### ...(...
..(.... #
#######s(.(... #
####.....@o......
#
##...†#####.......
# ##..#### .......
###..## #######
###...## ##...###
...### #### #


You could see Blork the orc and a giant cockroach.

Vanquished Creatures
  An ogre (D:4)
  A centaur skeleton (D:4)
  A hound (D:3)
  An orc priest (D:4)
  An ooze (D:2)
  An adder skeleton (D:4)
  4 worms
  A giant gecko (D:2)
  3 orcs (D:4)
  A giant cockroach (D:1)
  17 goblins
  8 hobgoblins
  3 quokkas
  A ball python skeleton (D:4)
  4 bats
  9 giant newts
  10 kobolds
  6 rats
73 creatures vanquished.

Notes
Turn   | Place    | Note
--------------------------------------------------------------
     0 | D:1      | Snupthedog the High Elf Hunter began the quest for the Orb.
     0 | D:1      | Reached XP level 1. HP: 14/14 MP: 2/2
   271 | D:1      | Reached XP level 2. HP: 19/19 MP: 3/3
   490 | D:1      | Reached skill level 1 in Armour
   789 | D:2      | Found a faded altar to an unknown god.
   802 | D:2      | Found a shattered altar of Ashenzari.
  1114 | D:2      | Reached skill level 6 in Bows
  1214 | D:2      | Reached XP level 3. HP: 24/24 MP: 4/4
  1673 | D:3      | Found a sparkling altar of Nemelex Xobeh.
  2145 | D:3      | Reached XP level 4. HP: 22/29 MP: 5/5
  2389 | D:3      | Reached skill level 7 in Bows
  2650 | D:4      | Found a staircase to the Ecumenical Temple.
  2658 | Temple   | Entered the Ecumenical Temple
  2879 | D:4      | Noticed an ogre
  2889 | D:4      | Killed an ogre
  2889 | D:4      | Reached XP level 5. HP: 34/34 MP: 6/6
  3027 | D:4      | Reached skill level 8 in Bows
  3170 | D:4      | Noticed Blork the orc
  3196 | D:4      | Slain by Blork the orc

Vault maps used:
D:1:      dpeg_arrival_tiny_a, minmay_distorted
D:2:      overflow_temple_1_default, ecumenical_altar_2
D:3:      nemelex_deck
D:4:      minmay_temple_entry_junction2, uniq_blork_the_orc
Temple:   minmay_temple_curvy_8

Action                   |  1- 3 |  4- 6 || total
-------------------------+-------+-------++-------
Melee: Short sword       |    65 |    13 ||    78
       Dagger            |       |    25 ||    25
 Fire: Shortbow          |    92 |    41 ||   133
  Use: Scroll            |       |    11 ||    11
       Potion            |       |     2 ||     2
 Stab: Sleeping          |     1 |     2 ||     3
  Eat: Chunk             |     4 |     1 ||     5
       Fruit             |       |     2 ||     2
